[ AOE2 MATCH · #481326349 ]
Team RMPersians vs Magyars
[ REPLAY ANALYSIS · EXTRACTED FROM THE RECORDED GAME ]
Feudal
10:55
Castle
23:08
Imperial
—
| APM avg | 37.7 |
| APM peak | 87 |
| eAPM avg | 17.2 |
| Villagers / military | 120 / 103 |
Focus
⚔️ 29.5% · 🌾 70.5%
Knight ×95 · Scout Cavalry ×5 · Spearman ×2 · Camel Scout ×1
Feudal
9:42
Castle
25:12
Imperial
40:10
| APM avg | 53.9 |
| APM peak | 140 |
| eAPM avg | 21.6 |
| Villagers / military | 113 / 141 |
Focus
⚔️ 34.4% · 🌾 65.6%
Knight ×127 · Scout Cavalry ×14
Feudal
10:28
Castle
21:20
Imperial
41:29
| APM avg | 55.6 |
| APM peak | 100 |
| eAPM avg | 25.6 |
| Villagers / military | 125 / 82 |
Focus
⚔️ 35.2% · 🌾 64.8%
Unknown (1944) ×81 · Spearman ×78 · Unknown (1942) ×6 · Scout Cavalry ×3 · Monk ×1 · Unknown (1954) ×1
Feudal
9:23
Castle
23:04
Imperial
38:00
| APM avg | 45.6 |
| APM peak | 92 |
| eAPM avg | 17.9 |
| Villagers / military | 75 / 107 |
Focus
⚔️ 40.0% · 🌾 60.0%
Archer ×102 · Mangonel ×5
Feudal
9:41
Castle
29:44
Imperial
—
| APM avg | 24.1 |
| APM peak | 52 |
| eAPM avg | 17.7 |
| Villagers / military | 143 / 119 |
Focus
⚔️ 39.9% · 🌾 60.1%
Archer ×80 · Spearman ×17 · Skirmisher ×11 · Mangonel ×9 · Scorpion ×2
Feudal
11:40
Castle
19:29
Imperial
39:09
| APM avg | 37.6 |
| APM peak | 77 |
| eAPM avg | 19.9 |
| Villagers / military | 143 / 161 |
Focus
⚔️ 33.2% · 🌾 66.8%
Knight ×149 · Spearman ×4 · Trebuchet (Packed) ×4 · Monk ×3 · Scout Cavalry ×1
Match map
Initial resources + every placement click. Lines = walls · curves = elevation contours. ◆ gold · ⬟ stone · ● berries · ✦ relic · ◌ wall gap
Your base· Open — 6t gap
夜色桃香's base· Open — unwalled flank
e-boys's base· Open — unwalled flank
JAGR | GoodByeWorld's base· ✓ Closed at 23:04 · 31t walls · 2 gate(s)
eliot_2007's base· Open — 4t gap
546308830's base· ✓ Closed at 19:29 · 53t walls · 1 gate(s)
Smoothed initial terrain · ◌ = detected wall gap · hover for details
Inputs per minute
— linxu968 - - 夜色桃香
Build order — linxu968
First 150 of 354 actions detected
| 0:02 | Create | Villager (Male) |
| 0:03 | Create | Villager (Male) |
| 0:03 | Create | Villager (Male) |
| 0:05 | Build | House |
| 0:11 | Build | House |
| 0:27 | Create | Villager (Male) |
| 0:27 | Create | Villager (Male) |
| 0:27 | Create | Villager (Male) |
| 0:41 | Build | House |
| 0:43 | Build | House |
| 1:39 | Create | Villager (Male) |
| 1:39 | Create | Villager (Male) |
| 2:14 | Create | Villager (Male) |
| 2:15 | Create | Villager (Male) |
| 2:22 | Build | Lumber Camp |
| 2:30 | Create | Villager (Male) |
| 2:30 | Create | Villager (Male) |
| 2:30 | Create | Villager (Male) |
| 2:57 | Create | Villager (Male) |
| 2:58 | Create | Villager (Male) |
| 3:24 | Create | Villager (Male) |
| 3:25 | Create | Villager (Male) |
| 3:25 | Create | Villager (Male) |
| 3:54 | Create | Villager (Male) |
| 3:55 | Create | Villager (Male) |
| 3:55 | Create | Villager (Male) |
| 3:55 | Create | Villager (Male) |
| 4:05 | Create | Villager (Male) |
| 4:05 | Create | Villager (Male) |
| 4:48 | Create | Villager (Male) |
| 4:48 | Create | Villager (Male) |
| 4:48 | Create | Villager (Male) |
| 5:03 | Create | Villager (Male) |
| 5:03 | Create | Villager (Male) |
| 5:04 | Create | Villager (Male) |
| 5:05 | Create | Villager (Male) |
| 5:11 | Create | Villager (Male) |
| 5:11 | Create | Villager (Male) |
| 5:56 | Create | Villager (Male) |
| 5:56 | Create | Villager (Male) |
| 6:07 | Create | Villager (Male) |
| 6:15 | Create | Villager (Male) |
| 6:15 | Create | Villager (Male) |
| 6:33 | Create | Villager (Male) |
| 7:37 | Build | Mill |
| 7:41 | Create | Villager (Male) |
| 7:41 | Create | Villager (Male) |
| 8:20 | Build | Farm |
| 8:21 | Build | Farm |
| 8:24 | Build | Farm |
| 8:27 | Research | Loom |
| 8:43 | Research | Feudal Age |
| 8:50 | Build | Farm |
| 8:55 | Build | Farm |
| 8:56 | Build | Farm |
| 9:07 | Build | Farm |
| 10:01 | Build | Barracks |
| 10:26 | Build | House |
| 10:28 | Build | House |
| 10:55 | Age | Feudal Age |
| 11:18 | Build | Stable |
| 11:20 | Create | Villager (Male) |
| 11:20 | Create | Villager (Male) |
| 11:38 | Create | Spearman |
| 11:38 | Create | Spearman |
| 11:46 | Create | Villager (Male) |
| 12:05 | Build | House |
| 12:06 | Build | House |
| 12:07 | Create | Scout Cavalry |
| 12:08 | Create | Scout Cavalry |
| 12:10 | Create | Villager (Male) |
| 12:16 | Research | Double-Bit Axe |
| 12:17 | Research | Double-Bit Axe |
| 12:35 | Create | Villager (Male) |
| 12:55 | Create | Villager (Male) |
| 12:58 | Build | Stable |
| 13:10 | Research | Horse Collar |
| 13:10 | Research | Horse Collar |
| 13:11 | Research | Horse Collar |
| 13:11 | Research | Horse Collar |
| 13:11 | Research | Horse Collar |
| 13:14 | Create | Scout Cavalry |
| 13:14 | Create | Scout Cavalry |
| 13:14 | Create | Scout Cavalry |
| 13:31 | Create | Villager (Male) |
| 13:43 | Research | Wheelbarrow |
| 13:51 | Build | Farm |
| 13:55 | Build | Farm |
| 14:01 | Create | Villager (Male) |
| 14:28 | Build | Farm |
| 14:33 | Build | Lumber Camp |
| 14:56 | Build | Blacksmith |
| 15:18 | Build | Mining Camp |
| 15:39 | Create | Villager (Male) |
| 15:39 | Create | Villager (Male) |
| 16:20 | Create | Villager (Male) |
| 16:21 | Create | Villager (Male) |
| 16:30 | Build | Farm |
| 16:55 | Create | Villager (Male) |
| 18:15 | Create | Villager (Male) |
| 18:15 | Create | Villager (Male) |
| 18:35 | Build | House |
| 18:40 | Build | Farm |
| 18:42 | Research | Bloodlines |
| 18:45 | Research | Forging |
| 18:46 | Research | Scale Barding Armor |
| 18:48 | Create | Villager (Male) |
| 18:53 | Build | House |
| 19:17 | Build | Farm |
| 19:18 | Build | Farm |
| 20:29 | Build | Stable |
| 20:32 | Build | Farm |
| 20:43 | Research | Castle Age |
| 20:43 | Research | Castle Age |
| 20:54 | Build | Lumber Camp |
| 20:58 | Build | House |
| 21:04 | Build | Farm |
| 21:13 | Build | Farm |
| 21:14 | Build | Farm |
| 21:19 | Research | Gold Mining |
| 21:20 | Research | Gold Mining |
| 21:36 | Build | House |
| 21:39 | Build | House |
| 22:09 | Build | Farm |
| 22:10 | Build | Farm |
| 23:08 | Age | Castle Age |
| 23:12 | Create | Knight |
| 23:12 | Create | Knight |
| 23:13 | Create | Knight |
| 23:13 | Create | Knight |
| 23:13 | Create | Knight |
| 23:14 | Create | Knight |
| 23:17 | Create | Villager (Male) |
| 23:17 | Create | Villager (Male) |
| 23:25 | Build | Town Center |
| 23:37 | Build | Town Center |
| 23:49 | Research | Hand Cart |
| 23:50 | Research | Iron Casting |
| 23:51 | Research | Iron Casting |
| 24:00 | Research | Gold Shaft Mining |
| 24:00 | Research | Gold Shaft Mining |
| 24:07 | Create | Knight |
| 24:14 | Create | Knight |
| 24:23 | Build | Farm |
| 24:24 | Build | Farm |
| 24:37 | Build | Farm |
| 24:44 | Create | Knight |
| 24:53 | Create | Villager (Male) |
| 24:54 | Create | Villager (Male) |
| 24:59 | Build | Market |
Build order — 夜色桃香
First 150 of 388 actions detected
| 0:00 | Create | Villager (Male) |
| 0:03 | Build | House |
| 0:05 | Build | House |
| 0:06 | Create | Villager (Male) |
| 0:10 | Create | Villager (Male) |
| 0:14 | Create | Villager (Male) |
| 1:27 | Create | Villager (Male) |
| 1:46 | Build | Lumber Camp |
| 2:01 | Create | Villager (Male) |
| 2:20 | Create | Villager (Male) |
| 2:52 | Create | Villager (Male) |
| 3:15 | Create | Villager (Male) |
| 3:49 | Build | House |
| 4:02 | Create | Villager (Male) |
| 4:02 | Create | Villager (Male) |
| 4:06 | Create | Villager (Male) |
| 4:26 | Build | Mill |
| 5:08 | Create | Villager (Male) |
| 5:17 | Create | Villager (Male) |
| 5:41 | Create | Villager (Male) |
| 6:08 | Research | Loom |
| 6:29 | Create | Villager (Male) |
| 6:45 | Research | Loom |
| 7:32 | Research | Feudal Age |
| 7:49 | Build | Barracks |
| 8:17 | Build | Mill |
| 8:36 | Build | House |
| 9:14 | Build | House |
| 9:25 | Create | Villager (Male) |
| 9:42 | Age | Feudal Age |
| 9:44 | Build | Stable |
| 9:52 | Create | Villager (Male) |
| 10:17 | Create | Villager (Male) |
| 10:22 | Build | Farm |
| 10:26 | Create | Villager (Male) |
| 10:33 | Build | House |
| 10:47 | Research | Double-Bit Axe |
| 10:54 | Create | Scout Cavalry |
| 11:01 | Create | Villager (Male) |
| 11:16 | Create | Scout Cavalry |
| 11:23 | Create | Villager (Male) |
| 11:27 | Build | Farm |
| 11:35 | Create | Villager (Male) |
| 11:38 | Create | Scout Cavalry |
| 11:42 | Create | Villager (Male) |
| 11:54 | Build | Farm |
| 12:00 | Create | Scout Cavalry |
| 12:16 | Build | Farm |
| 12:17 | Build | Farm |
| 12:25 | Create | Villager (Male) |
| 12:28 | Build | Farm |
| 12:35 | Create | Scout Cavalry |
| 12:43 | Build | Farm |
| 12:51 | Create | Scout Cavalry |
| 13:07 | Build | House |
| 13:08 | Build | House |
| 13:10 | Create | Villager (Male) |
| 13:17 | Build | Farm |
| 13:29 | Create | Villager (Male) |
| 13:45 | Build | Blacksmith |
| 13:48 | Create | Villager (Male) |
| 14:11 | Create | Villager (Male) |
| 14:21 | Create | Villager (Male) |
| 14:25 | Create | Villager (Male) |
| 14:28 | Build | House |
| 14:29 | Create | Villager (Male) |
| 14:32 | Build | Farm |
| 14:33 | Build | Farm |
| 14:36 | Build | Farm |
| 14:36 | Research | Horse Collar |
| 14:45 | Build | Farm |
| 14:46 | Build | Farm |
| 15:10 | Create | Villager (Male) |
| 15:14 | Build | Farm |
| 15:20 | Build | House |
| 15:22 | Build | House |
| 15:25 | Build | Palisade Wall |
| 15:27 | Build | House |
| 15:33 | Build | Palisade Wall |
| 15:35 | Build | Palisade Wall |
| 15:52 | Create | Villager (Male) |
| 16:23 | Create | Villager (Male) |
| 16:30 | Build | Farm |
| 16:30 | Build | Farm |
| 16:32 | Research | Town Watch |
| 16:34 | Create | Villager (Male) |
| 16:41 | Build | Farm |
| 16:53 | Create | Scout Cavalry |
| 16:54 | Create | Scout Cavalry |
| 16:59 | Research | Scale Barding Armor |
| 17:14 | Build | Palisade Wall |
| 17:40 | Create | Scout Cavalry |
| 18:03 | Build | Farm |
| 18:04 | Build | Farm |
| 18:11 | Create | Scout Cavalry |
| 18:32 | Create | Villager (Male) |
| 18:39 | Build | Farm |
| 18:39 | Build | Farm |
| 18:54 | Create | Scout Cavalry |
| 18:55 | Create | Villager (Male) |
| 19:19 | Build | Mining Camp |
| 19:27 | Create | Villager (Male) |
| 19:27 | Create | Villager (Male) |
| 19:47 | Create | Villager (Male) |
| 19:56 | Build | Farm |
| 20:03 | Create | Scout Cavalry |
| 20:03 | Create | Scout Cavalry |
| 20:13 | Create | Villager (Male) |
| 20:15 | Build | Farm |
| 20:17 | Create | Scout Cavalry |
| 20:27 | Build | Farm |
| 20:52 | Create | Villager (Male) |
| 20:55 | Build | Farm |
| 21:26 | Create | Villager (Male) |
| 21:29 | Build | Farm |
| 22:07 | Create | Villager (Male) |
| 22:27 | Research | Castle Age |
| 22:37 | Build | Stable |
| 23:25 | Research | Gold Mining |
| 24:13 | Build | Farm |
| 24:14 | Build | Farm |
| 25:12 | Age | Castle Age |
| 25:15 | Create | Knight |
| 25:15 | Create | Knight |
| 25:15 | Create | Knight |
| 25:17 | Research | Bloodlines |
| 25:17 | Research | Husbandry |
| 25:22 | Research | Chain Barding Armor |
| 25:24 | Create | Villager (Male) |
| 25:31 | Build | Town Center |
| 25:34 | Create | Villager (Male) |
| 25:40 | Create | Knight |
| 25:40 | Create | Knight |
| 25:40 | Create | Knight |
| 25:41 | Create | Villager (Male) |
| 25:49 | Create | Villager (Male) |
| 26:05 | Create | Knight |
| 26:05 | Create | Knight |
| 26:06 | Create | Villager (Male) |
| 26:12 | Research | Bow Saw |
| 26:12 | Research | Bow Saw |
| 26:26 | Create | Villager (Male) |
| 26:32 | Create | Knight |
| 26:32 | Create | Knight |
| 26:36 | Create | Villager (Male) |
| 26:41 | Create | Villager (Male) |
| 26:42 | Create | Villager (Male) |
| 27:02 | Create | Knight |
| 27:02 | Create | Knight |
| 27:03 | Create | Villager (Male) |
Build order — e-boys
First 150 of 458 actions detected
| 0:01 | Create | Villager (Male) |
| 0:01 | Create | Villager (Male) |
| 0:01 | Create | Villager (Male) |
| 0:03 | Build | House |
| 0:05 | Build | House |
| 0:05 | Create | Villager (Male) |
| 0:05 | Create | Villager (Male) |
| 0:06 | Create | Villager (Male) |
| 1:27 | Create | Villager (Male) |
| 1:27 | Create | Villager (Male) |
| 1:27 | Create | Villager (Male) |
| 2:03 | Create | Villager (Male) |
| 2:03 | Create | Villager (Male) |
| 2:04 | Create | Villager (Male) |
| 2:16 | Create | Villager (Male) |
| 2:17 | Create | Villager (Male) |
| 2:17 | Create | Villager (Male) |
| 2:23 | Build | Lumber Camp |
| 3:03 | Build | House |
| 3:13 | Create | Villager (Male) |
| 3:13 | Create | Villager (Male) |
| 3:13 | Create | Villager (Male) |
| 3:52 | Create | Villager (Male) |
| 3:52 | Create | Villager (Male) |
| 3:53 | Create | Villager (Male) |
| 4:27 | Create | Villager (Male) |
| 4:27 | Create | Villager (Male) |
| 4:28 | Create | Villager (Male) |
| 4:49 | Create | Villager (Male) |
| 4:49 | Create | Villager (Male) |
| 4:50 | Create | Villager (Male) |
| 4:56 | Create | Villager (Male) |
| 4:57 | Create | Villager (Male) |
| 5:33 | Create | Villager (Male) |
| 5:46 | Create | Villager (Male) |
| 5:46 | Create | Villager (Male) |
| 5:46 | Create | Villager (Male) |
| 5:59 | Build | Mill |
| 6:06 | Build | House |
| 6:57 | Create | Villager (Male) |
| 7:32 | Create | Villager (Male) |
| 8:18 | Research | Feudal Age |
| 8:48 | Build | Mill |
| 8:48 | Create | Villager (Male) |
| 8:55 | Create | Villager (Male) |
| 8:59 | Build | Barracks |
| 9:00 | Create | Villager (Male) |
| 9:45 | Build | Palisade Wall |
| 9:45 | Create | Villager (Male) |
| 10:20 | Build | Palisade Wall |
| 10:28 | Age | Feudal Age |
| 10:33 | Build | Stable |
| 10:34 | Create | Villager (Male) |
| 10:39 | Research | Loom |
| 10:53 | Create | Spearman |
| 11:03 | Build | House |
| 11:18 | Create | Scout Cavalry |
| 11:18 | Create | Scout Cavalry |
| 11:19 | Create | Scout Cavalry |
| 11:22 | Create | Villager (Male) |
| 11:29 | Build | Farm |
| 11:32 | Build | Farm |
| 11:33 | Create | Villager (Male) |
| 11:43 | Build | House |
| 11:50 | Create | Villager (Male) |
| 11:55 | Create | Spearman |
| 12:17 | Build | Farm |
| 12:17 | Create | Villager (Male) |
| 12:37 | Build | Farm |
| 12:44 | Build | Blacksmith |
| 12:47 | Create | Villager (Male) |
| 12:56 | Research | Double-Bit Axe |
| 12:57 | Research | Double-Bit Axe |
| 13:00 | Research | Horse Collar |
| 13:03 | Create | Villager (Male) |
| 13:08 | Create | Villager (Male) |
| 13:21 | Build | Farm |
| 13:32 | Create | Villager (Male) |
| 13:45 | Build | House |
| 13:46 | Create | Villager (Male) |
| 13:50 | Build | Mining Camp |
| 14:18 | Build | House |
| 14:36 | Create | Villager (Male) |
| 14:43 | Build | Farm |
| 14:51 | Create | Villager (Male) |
| 14:56 | Build | Farm |
| 14:58 | Build | Farm |
| 15:02 | Create | Villager (Male) |
| 15:23 | Create | Villager (Male) |
| 15:50 | Create | Villager (Male) |
| 16:16 | Build | Farm |
| 16:18 | Build | Farm |
| 16:20 | Build | Farm |
| 16:26 | Build | Farm |
| 16:26 | Create | Villager (Male) |
| 16:42 | Build | Farm |
| 16:45 | Build | Farm |
| 16:47 | Build | Farm |
| 16:49 | Build | Farm |
| 16:51 | Build | Farm |
| 16:52 | Create | Villager (Male) |
| 17:31 | Create | Villager (Male) |
| 17:56 | Create | Villager (Male) |
| 18:02 | Build | House |
| 18:40 | Research | Castle Age |
| 18:44 | Build | Market |
| 19:19 | Research | Scale Barding Armor |
| 19:19 | Research | Scale Barding Armor |
| 19:23 | Research | Gold Mining |
| 19:23 | Research | Gold Mining |
| 20:01 | Build | Stable |
| 20:04 | Build | Farm |
| 20:06 | Build | Farm |
| 20:08 | Build | Farm |
| 20:12 | Build | Farm |
| 20:44 | Research | Forging |
| 20:44 | Research | Forging |
| 20:52 | Build | Stable |
| 21:01 | Research | Bloodlines |
| 21:01 | Research | Bloodlines |
| 21:03 | Create | Spearman |
| 21:03 | Create | Spearman |
| 21:04 | Create | Spearman |
| 21:04 | Create | Spearman |
| 21:20 | Age | Castle Age |
| 21:31 | Create | Villager (Male) |
| 21:34 | Create | Unit 1944 |
| 21:34 | Create | Unit 1944 |
| 21:34 | Create | Unit 1944 |
| 21:35 | Create | Unit 1944 |
| 21:47 | Build | Town Center |
| 21:50 | Create | Villager (Male) |
| 22:01 | Build | House |
| 22:06 | Create | Villager (Male) |
| 22:28 | Research | Pikeman (upgrade) |
| 22:32 | Create | Unit 1944 |
| 22:33 | Create | Unit 1944 |
| 22:33 | Create | Unit 1944 |
| 22:40 | Build | Town Center |
| 22:50 | Create | Unit 1944 |
| 22:56 | Create | Unit 1944 |
| 22:58 | Create | Unit 1944 |
| 22:59 | Create | Unit 1944 |
| 23:07 | Create | Spearman |
| 23:07 | Create | Spearman |
| 23:16 | Create | Villager (Male) |
| 23:32 | Create | Villager (Male) |
| 23:34 | Create | Villager (Male) |
| 23:39 | Build | House |
| 23:53 | Create | Villager (Male) |
Build order — JAGR | GoodByeWorld
First 150 of 301 actions detected
| 0:01 | Create | Villager (Male) |
| 0:03 | Build | House |
| 0:04 | Build | House |
| 0:05 | Create | Villager (Male) |
| 0:05 | Create | Villager (Male) |
| 0:06 | Create | Villager (Male) |
| 1:21 | Create | Villager (Male) |
| 1:21 | Create | Villager (Male) |
| 2:02 | Create | Villager (Male) |
| 2:03 | Create | Villager (Male) |
| 2:28 | Create | Villager (Male) |
| 2:35 | Build | Lumber Camp |
| 2:59 | Research | Loom |
| 3:03 | Create | Villager (Male) |
| 3:03 | Create | Villager (Male) |
| 3:04 | Create | Villager (Male) |
| 3:12 | Build | House |
| 3:23 | Build | Palisade Wall |
| 3:52 | Create | Villager (Male) |
| 3:52 | Create | Villager (Male) |
| 4:10 | Create | Villager (Male) |
| 4:10 | Create | Villager (Male) |
| 4:41 | Create | Villager (Male) |
| 4:56 | Build | Mining Camp |
| 5:21 | Create | Villager (Male) |
| 5:47 | Create | Villager (Male) |
| 5:59 | Create | Villager (Male) |
| 6:01 | Research | Loom |
| 6:49 | Build | Mill |
| 7:06 | Research | Feudal Age |
| 7:34 | Build | House |
| 7:55 | Build | House |
| 7:59 | Build | Palisade Wall |
| 8:16 | Build | Palisade Wall |
| 8:21 | Build | Palisade Wall |
| 8:30 | Build | Palisade Gate |
| 8:58 | Build | Barracks |
| 9:16 | Create | Villager (Male) |
| 9:23 | Age | Feudal Age |
| 9:28 | Create | Villager (Male) |
| 9:38 | Create | Villager (Male) |
| 9:49 | Create | Villager (Male) |
| 9:52 | Build | Archery Range |
| 9:57 | Build | House |
| 10:04 | Build | Palisade Wall |
| 10:09 | Create | Villager (Male) |
| 10:15 | Create | Villager (Male) |
| 10:37 | Create | Archer |
| 10:43 | Create | Villager (Male) |
| 10:47 | Build | House |
| 10:53 | Build | House |
| 10:55 | Build | Palisade Wall |
| 11:01 | Create | Archer |
| 11:18 | Create | Villager (Male) |
| 11:22 | Create | Archer |
| 11:36 | Build | Archery Range |
| 11:40 | Build | Palisade Wall |
| 11:42 | Build | Palisade Gate |
| 11:50 | Create | Villager (Male) |
| 11:53 | Create | Archer |
| 12:14 | Create | Archer |
| 12:20 | Create | Villager (Male) |
| 12:37 | Build | Blacksmith |
| 12:42 | Create | Archer |
| 12:43 | Create | Archer |
| 13:02 | Create | Villager (Male) |
| 13:13 | Create | Archer |
| 13:14 | Create | Archer |
| 13:17 | Create | Villager (Male) |
| 13:25 | Build | Mill |
| 13:34 | Research | Fletching |
| 13:38 | Create | Archer |
| 13:53 | Build | Farm |
| 13:53 | Build | Farm |
| 14:05 | Create | Archer |
| 14:05 | Create | Archer |
| 14:18 | Create | Archer |
| 14:23 | Create | Villager (Male) |
| 14:37 | Create | Archer |
| 14:38 | Create | Archer |
| 14:44 | Build | Farm |
| 14:44 | Build | Farm |
| 14:45 | Build | Farm |
| 15:04 | Build | House |
| 15:05 | Build | House |
| 15:10 | Create | Archer |
| 15:10 | Create | Archer |
| 15:13 | Create | Villager (Male) |
| 15:13 | Create | Villager (Male) |
| 15:48 | Build | Farm |
| 15:49 | Build | Farm |
| 15:54 | Create | Villager (Male) |
| 15:55 | Create | Villager (Male) |
| 15:57 | Create | Archer |
| 15:58 | Create | Archer |
| 16:10 | Create | Villager (Male) |
| 16:33 | Create | Archer |
| 16:45 | Create | Archer |
| 16:55 | Create | Villager (Male) |
| 16:55 | Create | Villager (Male) |
| 16:55 | Create | Villager (Male) |
| 17:13 | Create | Archer |
| 17:13 | Create | Archer |
| 17:29 | Build | House |
| 17:30 | Build | House |
| 17:32 | Build | House |
| 17:35 | Create | Archer |
| 17:35 | Create | Archer |
| 17:53 | Research | Padded Archer Armor |
| 18:00 | Build | Farm |
| 18:22 | Create | Archer |
| 18:22 | Create | Archer |
| 18:33 | Create | Archer |
| 18:51 | Create | Archer |
| 18:51 | Create | Archer |
| 19:02 | Build | House |
| 19:04 | Build | House |
| 19:14 | Create | Archer |
| 19:14 | Create | Archer |
| 19:35 | Create | Archer |
| 20:24 | Research | Castle Age |
| 20:39 | Build | House |
| 20:40 | Build | House |
| 20:51 | Create | Archer |
| 20:51 | Create | Archer |
| 20:55 | Research | Gold Mining |
| 21:20 | Create | Archer |
| 21:20 | Create | Archer |
| 21:31 | Create | Archer |
| 21:31 | Create | Archer |
| 22:19 | Create | Archer |
| 22:19 | Create | Archer |
| 23:04 | Age | Castle Age |
| 23:06 | Research | Crossbowman (upgrade) |
| 23:25 | Research | Bodkin Arrow |
| 23:29 | Build | Siege Workshop |
| 23:34 | Create | Villager (Male) |
| 23:35 | Create | Villager (Male) |
| 23:35 | Create | Villager (Male) |
| 23:52 | Build | University |
| 23:57 | Build | Farm |
| 23:57 | Build | Farm |
| 24:03 | Create | Mangonel |
| 24:18 | Build | Farm |
| 24:19 | Create | Villager (Male) |
| 24:43 | Build | Farm |
| 25:06 | Create | Villager (Male) |
| 25:39 | Create | Villager (Male) |
| 25:39 | Create | Villager (Male) |
| 25:46 | Create | Mangonel |
Build order — eliot_2007
First 150 of 382 actions detected
| 0:01 | Create | Villager (Male) |
| 0:01 | Create | Villager (Male) |
| 0:02 | Build | House |
| 0:04 | Build | House |
| 0:16 | Create | Villager (Male) |
| 0:16 | Create | Villager (Male) |
| 0:16 | Create | Villager (Male) |
| 1:03 | Research | Loom |
| 1:23 | Create | Villager (Male) |
| 1:23 | Create | Villager (Male) |
| 1:50 | Create | Villager (Male) |
| 2:18 | Create | Villager (Male) |
| 2:18 | Create | Villager (Male) |
| 2:18 | Create | Villager (Male) |
| 2:26 | Build | House |
| 2:36 | Build | Lumber Camp |
| 2:46 | Create | Villager (Male) |
| 2:46 | Create | Villager (Male) |
| 3:03 | Build | Palisade Wall |
| 3:09 | Create | Villager (Male) |
| 3:09 | Create | Villager (Male) |
| 3:36 | Create | Villager (Male) |
| 3:36 | Create | Villager (Male) |
| 3:36 | Create | Villager (Male) |
| 5:25 | Create | Villager (Male) |
| 5:33 | Create | Villager (Male) |
| 5:43 | Build | Mining Camp |
| 6:01 | Create | Villager (Male) |
| 6:02 | Create | Villager (Male) |
| 6:29 | Build | Palisade Wall |
| 6:35 | Build | Palisade Wall |
| 6:44 | Create | Villager (Male) |
| 7:19 | Research | Feudal Age |
| 7:25 | Build | Mill |
| 8:31 | Build | Barracks |
| 8:38 | Create | Villager (Male) |
| 8:58 | Build | House |
| 9:41 | Age | Feudal Age |
| 9:46 | Build | Archery Range |
| 9:49 | Build | Archery Range |
| 9:51 | Create | Villager (Male) |
| 10:16 | Research | Double-Bit Axe |
| 10:16 | Research | Double-Bit Axe |
| 10:28 | Build | House |
| 10:34 | Create | Villager (Male) |
| 10:40 | Create | Archer |
| 10:44 | Create | Archer |
| 10:44 | Create | Archer |
| 10:44 | Create | Archer |
| 10:48 | Create | Villager (Male) |
| 11:09 | Build | House |
| 11:13 | Create | Spearman |
| 11:22 | Build | Palisade Wall |
| 11:24 | Create | Villager (Male) |
| 11:35 | Build | House |
| 11:36 | Build | House |
| 11:43 | Create | Villager (Male) |
| 11:46 | Create | Archer |
| 11:46 | Create | Archer |
| 11:54 | Create | Villager (Male) |
| 11:58 | Create | Archer |
| 11:59 | Create | Archer |
| 12:30 | Build | Blacksmith |
| 12:40 | Build | Mill |
| 12:42 | Create | Villager (Male) |
| 12:43 | Create | Archer |
| 12:43 | Create | Archer |
| 12:55 | Create | Villager (Male) |
| 13:10 | Build | Farm |
| 13:15 | Build | Farm |
| 13:23 | Build | Farm |
| 13:27 | Build | Farm |
| 13:32 | Build | Lumber Camp |
| 13:34 | Create | Villager (Male) |
| 13:46 | Create | Archer |
| 13:46 | Create | Archer |
| 13:47 | Create | Archer |
| 13:48 | Create | Archer |
| 14:03 | Create | Villager (Male) |
| 14:03 | Create | Villager (Male) |
| 14:07 | Create | Archer |
| 14:07 | Create | Archer |
| 14:24 | Build | Farm |
| 14:26 | Create | Archer |
| 14:27 | Create | Archer |
| 14:31 | Create | Villager (Male) |
| 14:31 | Create | Villager (Male) |
| 14:35 | Build | Farm |
| 14:49 | Create | Villager (Male) |
| 15:12 | Build | House |
| 15:15 | Build | House |
| 15:21 | Create | Villager (Male) |
| 15:30 | Create | Villager (Male) |
| 15:32 | Create | Archer |
| 15:32 | Create | Archer |
| 15:32 | Create | Archer |
| 15:33 | Create | Archer |
| 15:48 | Create | Villager (Male) |
| 15:48 | Create | Villager (Male) |
| 15:48 | Create | Villager (Male) |
| 16:02 | Build | Farm |
| 16:02 | Build | Farm |
| 16:03 | Build | Farm |
| 16:05 | Build | Farm |
| 16:06 | Build | Farm |
| 16:19 | Build | Farm |
| 16:24 | Create | Archer |
| 16:24 | Create | Archer |
| 16:28 | Create | Villager (Male) |
| 16:37 | Create | Spearman |
| 16:46 | Build | Farm |
| 16:57 | Build | Farm |
| 17:34 | Research | Fletching |
| 17:38 | Build | Farm |
| 17:40 | Create | Archer |
| 17:40 | Create | Archer |
| 17:40 | Create | Archer |
| 17:40 | Create | Archer |
| 17:51 | Create | Skirmisher |
| 17:51 | Create | Skirmisher |
| 17:52 | Create | Skirmisher |
| 17:53 | Create | Villager (Male) |
| 17:54 | Create | Villager (Male) |
| 17:54 | Create | Villager (Male) |
| 17:57 | Build | House |
| 18:00 | Create | Villager (Male) |
| 18:33 | Create | Archer |
| 18:33 | Create | Archer |
| 18:33 | Create | Archer |
| 18:33 | Create | Archer |
| 18:56 | Create | Archer |
| 18:56 | Create | Archer |
| 18:57 | Create | Archer |
| 18:57 | Create | Archer |
| 19:04 | Build | Farm |
| 19:10 | Research | Padded Archer Armor |
| 19:13 | Create | Villager (Male) |
| 19:27 | Create | Archer |
| 19:27 | Create | Archer |
| 19:28 | Create | Archer |
| 19:32 | Create | Villager (Male) |
| 19:35 | Build | House |
| 20:04 | Create | Villager (Male) |
| 21:18 | Create | Archer |
| 21:19 | Create | Archer |
| 21:19 | Create | Archer |
| 21:19 | Create | Archer |
| 21:20 | Create | Archer |
| 21:48 | Create | Villager (Male) |
| 21:48 | Create | Villager (Male) |
Build order — 546308830
First 150 of 383 actions detected
| 0:06 | Create | Villager (Male) |
| 0:06 | Create | Villager (Male) |
| 0:08 | Build | House |
| 0:21 | Create | Villager (Male) |
| 0:22 | Create | Villager (Male) |
| 1:00 | Research | Loom |
| 1:27 | Build | House |
| 1:35 | Create | Villager (Male) |
| 1:35 | Create | Villager (Male) |
| 1:55 | Build | Lumber Camp |
| 2:20 | Create | Villager (Male) |
| 2:20 | Create | Villager (Male) |
| 2:40 | Create | Villager (Male) |
| 2:40 | Create | Villager (Male) |
| 2:40 | Create | Villager (Male) |
| 3:28 | Create | Villager (Male) |
| 3:29 | Create | Villager (Male) |
| 3:29 | Create | Villager (Male) |
| 3:34 | Build | House |
| 3:49 | Create | Villager (Male) |
| 3:49 | Create | Villager (Male) |
| 3:49 | Create | Villager (Male) |
| 4:26 | Create | Villager (Male) |
| 4:26 | Create | Villager (Male) |
| 4:26 | Create | Villager (Male) |
| 4:47 | Create | Villager (Male) |
| 4:48 | Create | Villager (Male) |
| 4:54 | Create | Villager (Male) |
| 4:55 | Create | Villager (Male) |
| 5:34 | Create | Villager (Male) |
| 5:35 | Create | Villager (Male) |
| 5:46 | Build | House |
| 5:52 | Create | Villager (Male) |
| 5:53 | Create | Villager (Male) |
| 5:53 | Create | Villager (Male) |
| 6:09 | Build | Mill |
| 6:26 | Build | House |
| 6:46 | Create | Villager (Male) |
| 6:46 | Create | Villager (Male) |
| 6:46 | Create | Villager (Male) |
| 6:47 | Create | Villager (Male) |
| 7:22 | Create | Villager (Male) |
| 7:23 | Create | Villager (Male) |
| 7:23 | Create | Villager (Male) |
| 7:32 | Create | Villager (Male) |
| 7:40 | Create | Villager (Male) |
| 7:45 | Build | Mill |
| 7:59 | Create | Villager (Male) |
| 8:31 | Create | Villager (Male) |
| 8:56 | Create | Villager (Male) |
| 9:15 | Build | Barracks |
| 9:30 | Research | Feudal Age |
| 10:51 | Build | Palisade Wall |
| 10:53 | Build | Palisade Wall |
| 11:03 | Build | Palisade Wall |
| 11:07 | Build | Palisade Wall |
| 11:33 | Create | Villager (Male) |
| 11:40 | Age | Feudal Age |
| 11:47 | Build | Stable |
| 11:54 | Create | Villager (Male) |
| 12:05 | Build | Farm |
| 12:07 | Build | Farm |
| 12:09 | Create | Spearman |
| 12:17 | Build | Palisade Wall |
| 12:38 | Build | Palisade Wall |
| 12:39 | Create | Spearman |
| 12:44 | Build | House |
| 12:52 | Build | Farm |
| 12:53 | Build | Farm |
| 12:58 | Build | Farm |
| 13:05 | Create | Villager (Male) |
| 13:11 | Build | Farm |
| 13:32 | Build | Palisade Gate |
| 13:37 | Build | Palisade Wall |
| 13:45 | Create | Villager (Male) |
| 14:00 | Build | Mining Camp |
| 14:11 | Create | Scout Cavalry |
| 14:18 | Build | Farm |
| 14:19 | Create | Villager (Male) |
| 14:21 | Create | Villager (Male) |
| 14:28 | Build | Palisade Wall |
| 14:34 | Create | Spearman |
| 14:40 | Build | Palisade Wall |
| 14:55 | Build | House |
| 15:04 | Build | Palisade Wall |
| 15:12 | Create | Villager (Male) |
| 15:16 | Build | Farm |
| 15:27 | Build | Farm |
| 15:40 | Build | Palisade Wall |
| 15:42 | Build | Farm |
| 16:12 | Create | Villager (Male) |
| 16:17 | Build | Blacksmith |
| 16:38 | Research | Double-Bit Axe |
| 16:49 | Research | Castle Age |
| 17:03 | Build | Lumber Camp |
| 17:12 | Build | Palisade Wall |
| 17:43 | Create | Villager (Male) |
| 17:50 | Build | House |
| 18:01 | Create | Villager (Male) |
| 18:27 | Build | Farm |
| 18:45 | Build | Stable |
| 18:56 | Research | Gold Mining |
| 19:29 | Age | Castle Age |
| 19:33 | Create | Villager (Male) |
| 19:34 | Create | Villager (Male) |
| 19:45 | Research | Scale Barding Armor |
| 20:00 | Build | Town Center |
| 20:09 | Create | Knight |
| 20:10 | Create | Knight |
| 20:10 | Create | Knight |
| 20:10 | Create | Knight |
| 20:11 | Create | Knight |
| 20:30 | Create | Villager (Male) |
| 20:31 | Create | Villager (Male) |
| 20:35 | Build | Farm |
| 21:04 | Build | Town Center |
| 21:12 | Create | Villager (Male) |
| 21:18 | Build | House |
| 21:31 | Build | House |
| 21:32 | Build | House |
| 21:43 | Research | Forging |
| 21:53 | Research | Bow Saw |
| 21:53 | Research | Bow Saw |
| 21:53 | Research | Bow Saw |
| 21:58 | Build | Farm |
| 22:01 | Build | Farm |
| 22:24 | Create | Knight |
| 22:25 | Create | Knight |
| 22:36 | Create | Knight |
| 22:36 | Create | Knight |
| 22:50 | Build | Farm |
| 22:53 | Build | Farm |
| 22:54 | Build | Farm |
| 23:02 | Build | Farm |
| 23:03 | Build | Farm |
| 23:14 | Build | House |
| 23:22 | Create | Knight |
| 23:22 | Create | Knight |
| 23:22 | Create | Knight |
| 23:22 | Create | Knight |
| 23:23 | Create | Knight |
| 23:24 | Create | Knight |
| 23:24 | Create | Knight |
| 23:24 | Create | Knight |
| 23:35 | Build | Farm |
| 23:39 | Build | House |
| 23:46 | Create | Knight |
| 23:47 | Create | Knight |
| 23:47 | Create | Knight |
| 24:04 | Create | Villager (Male) |
Match timeline
| 3:03 | eliot_2007 · wall_segment Palisade Wall x1 |
| 3:23 | JAGR | GoodByeWorld · wall_segment Palisade Wall x2 |
| 6:29 | eliot_2007 · wall_segment Palisade Wall x1 |
| 6:35 | eliot_2007 · wall_segment Palisade Wall x4 |
| 7:49 | 夜色桃香 · first_building Barracks |
| 7:59 | JAGR | GoodByeWorld · wall_segment Palisade Wall x5 |
| 8:16 | JAGR | GoodByeWorld · wall_segment Palisade Wall x3 |
| 8:21 | JAGR | GoodByeWorld · wall_segment Palisade Wall x10 |
| 8:31 | eliot_2007 · first_building Barracks |
| 8:58 | JAGR | GoodByeWorld · first_building Barracks |
| 8:59 | e-boys · first_building Barracks |
| 9:15 | 546308830 · first_building Barracks |
| 9:23 | JAGR | GoodByeWorld · age_up feudal |
| 9:41 | eliot_2007 · age_up feudal |
| 9:42 | 夜色桃香 · age_up feudal |
| 9:44 | 夜色桃香 · first_building Stable |
| 9:45 | e-boys · wall_segment Palisade Wall x3 |
| 9:46 | eliot_2007 · first_building Archery Range |
| 9:52 | JAGR | GoodByeWorld · first_building Archery Range |
| 10:01 | linxu968 · first_building Barracks |
| 10:04 | JAGR | GoodByeWorld · wall_segment Palisade Wall x9 |
| 10:20 | e-boys · wall_segment Palisade Wall x5 |
| 10:28 | e-boys · age_up feudal |
| 10:33 | e-boys · first_building Stable |
| 10:51 | 546308830 · wall_segment Palisade Wall x10 |
| 10:53 | 546308830 · wall_segment Palisade Wall x3 |
| 10:55 | linxu968 · age_up feudal |
| 10:55 | JAGR | GoodByeWorld · wall_segment Palisade Wall x1 |
| 11:03 | 546308830 · wall_segment Palisade Wall x5 |
| 11:07 | 546308830 · wall_segment Palisade Wall x7 |
| 11:18 | linxu968 · first_building Stable |
| 11:22 | eliot_2007 · wall_segment Palisade Wall x7 |
| 11:40 | JAGR | GoodByeWorld · wall_segment Palisade Wall x1 |
| 11:40 | 546308830 · age_up feudal |
| 11:47 | 546308830 · first_building Stable |
| 12:17 | 546308830 · wall_segment Palisade Wall x3 |
| 12:38 | 546308830 · wall_segment Palisade Wall x4 |
| 13:37 | 546308830 · wall_segment Palisade Wall x5 |
| 14:28 | 546308830 · wall_segment Palisade Wall x1 |
| 14:40 | 546308830 · wall_segment Palisade Wall x1 |
| 15:04 | 546308830 · wall_segment Palisade Wall x3 |
| 15:25 | 夜色桃香 · wall_segment Palisade Wall x1 |
| 15:33 | 夜色桃香 · wall_segment Palisade Wall x1 |
| 15:35 | 夜色桃香 · wall_segment Palisade Wall x1 |
| 15:40 | 546308830 · wall_segment Palisade Wall x4 |
| 17:12 | 546308830 · wall_segment Palisade Wall x7 |
| 17:14 | 夜色桃香 · wall_segment Palisade Wall x1 |
| 19:29 | 546308830 · age_up castle |
| 21:20 | e-boys · age_up castle |
| 22:55 | e-boys · first_market_buy 100 food |
| 23:04 | JAGR | GoodByeWorld · age_up castle |
| 23:08 | linxu968 · age_up castle |
| 23:29 | JAGR | GoodByeWorld · first_building Siege Workshop |
| 24:53 | 546308830 · first_building Monastery |
| 25:12 | 夜色桃香 · age_up castle |
| 26:00 | e-boys · first_building Monastery |
| 27:42 | eliot_2007 · wall_segment Palisade Wall x1 |
| 27:45 | eliot_2007 · wall_segment Palisade Wall x1 |
| 29:44 | eliot_2007 · age_up castle |
| 30:08 | eliot_2007 · first_market_buy 100 stone |
| 30:22 | eliot_2007 · first_building Siege Workshop |
| 34:30 | 546308830 · first_building Castle |
| 34:45 | JAGR | GoodByeWorld · first_building Monastery |
| 36:33 | 夜色桃香 · first_building Monastery |
| 38:00 | JAGR | GoodByeWorld · age_up imperial |
| 38:03 | e-boys · tribute_sent a jugador 1 |
| 38:03 | e-boys · tribute_sent a jugador 3 |
| 38:03 | e-boys · tribute_sent a jugador 4 |
| 38:03 | e-boys · tribute_sent a jugador 5 |
| 38:03 | e-boys · tribute_sent a jugador 6 |
| 39:09 | 546308830 · age_up imperial |
| 39:42 | e-boys · first_building Castle |
| 40:10 | 夜色桃香 · age_up imperial |
| 41:18 | linxu968 · first_market_buy 100 stone |
| 41:29 | e-boys · age_up imperial |
| 41:56 | e-boys · first_building Siege Workshop |
| 42:06 | linxu968 · first_building Castle |
| 44:34 | 夜色桃香 · first_building Castle |
| 45:10 | linxu968 · first_building Monastery |
| 46:00 | e-boys · resign |
[ AI ANALYSIS · 1 CREDIT ]
What really happened in this match?
Wolo.gg analyzes every decision: build order, eco, micro, common mistakes by bracket. Personalized analysis on WhatsApp or Discord in 30 seconds.
Civ guide
Persians
Map guide
Arabia
Perfil
linxu968